 Dungeon Crawl Stone Soup version 0.29.0-4-gdea44cf6ec (webtiles) character file.

Game seed: 9528434661728782480

991 qw the Chopper (level 8, -3/49 HPs)
             Began as a Gargoyle Fighter on Sept 6, 2022.
             Slain by Maggie
             ... wielding a +2 war axe of flaming
              (7 damage)
             ... on level 6 of the Dungeon.
             The game lasted 00:02:40 (5875 turns).

qw the Chopper (Gargoyle Fighter)                   Turns: 5875, Time: 00:02:40

Health: -3/49      AC: 19    Str: 21    XL:     8   Next: 18%
Magic:  8/8        EV:  7    Int: 10    God:
Gold:   271        SH:  4    Dex:  9    Spells: 7/7 levels left

rFire   + . .      SeeInvis .   Y - +1 war axe
rCold   . . .      Faith    .   c - +0 buckler
rNeg    + . .      Spirit   .   h - +2 chain mail {rF+}
rPois   inf        Reflect  .   (no helmet)
rElec   +          Harm     .   n - +2 cloak
rCorr   .          Rampage  .   (no gloves)
Will    .....                   (no boots)
Stlth   ..........              (no amulet)
HPRegen 0.16/turn               (no ring)
MPRegen 0.11/turn               (no ring)

@: about to teleport, mesmerised
A: sickness immunity, AC +5, negative energy resistance 1, electricity
resistance, torment resistance 1, petrification resistance
a: no special abilities


You were on level 6 of the Dungeon.
You visited 1 branch of the dungeon, and saw 6 of its levels.

You collected 271 gold pieces.


Innate Abilities, Weirdness & Mutations

You are immune to sickness and miasma.
Your stone body is resilient. (AC +5)
You are immune to poison.
You resist negative energy. (rN+)
You are resistant to electric shocks. (rElec)
You are resistant to unholy torment.
You are immune to petrification.


   Skills:
 - Level 5.1 Fighting
 + Level 7.6 Axes
 - Level 1.3 Throwing
 - Level 3.2 Armour
 - Level 1.0 Dodging
 - Level 3.2 Shields


You had 7 spell levels left.
You didn't know any spells.
Your spell library was empty.

Inventory:

Hand Weapons
 f - a +0 flail
 Y - a +1 war axe (weapon)
Armour
 c - a +0 buckler (worn)
 h - a +2 chain mail of fire resistance (worn)
 k - a +0 plate armour
 n - a +2 cloak (worn)
Scrolls
 a - 4 scrolls of identify
 l - 4 scrolls of teleportation
 o - a scroll of blinking
Potions
 d - 3 potions of might
 e - a potion of lignification
 g - a potion of mutation
 i - 6 potions of curing
 m - a potion of attraction
 t - a potion of haste

Dungeon Overview and Level Annotations

Branches:
Dungeon (6/15)
 Temple: D:4-7

Altars:
Makhleb
Uskayaw

Shops:
D:3 :

Annotations:
D:6 Maggie


Message History

Maggie is lightly wounded.
Maggie barely misses you.
You closely miss Maggie.
Maggie is lightly wounded.
Maggie barely misses you.
You barely miss Maggie.
Maggie is lightly wounded.
Maggie hits you with a +2 war axe of flaming!
Maggie burns you.
You hit Maggie.
Maggie is lightly wounded.
Maggie hits you but does no damage.
You slash Maggie!
Maggie is moderately wounded.
Maggie hits you with a +2 war axe of flaming.
Maggie burns you.
You slash Maggie!
Maggie is moderately wounded.
Maggie mumbles some strange words.
Maggie draws you further into her thrall.
Maggie hits you with a +2 war axe of flaming.
Maggie burns you.
You hit Maggie but do no damage.
Maggie is moderately wounded.
Maggie barely misses you.
You barely miss Maggie.
Maggie is moderately wounded.
Maggie hits you with a +2 war axe of flaming!
Maggie burns you.
5873 ||| READING 5 scrolls of teleportation.
As you read the scroll of teleportation, it crumbles to dust.
You feel strangely unstable. Maggie barely misses you.
You barely miss Maggie.
Maggie is moderately wounded.
Maggie hits you but does no damage.
You slash Maggie!
Maggie is heavily wounded.
Maggie hits you with a +2 war axe of flaming!
You die...

# #.. #.... #
###......
#..###........
#..@@....##..
#.....####
#....##
....### ......
...... .....
.....


You could see Maggie (mesmerising).

Vanquished Creatures
  Menkaure (D:4)
  An orc warrior (D:5)
  An ogre (D:5)
  A howler monkey (D:5)
  2 orc priests
  3 hounds
  5 iguanas
  Jessica (D:3)
  Terence (D:3)
  An orc wizard (D:4)
  11 gnolls
  6 adders
  An ufetubus (D:5)
  4 worms
  3 dart slugs
  22 orcs
  4 endoplasms
  2 giant cockroaches
  9 goblins
  8 hobgoblins
  7 jackals
  6 kobolds
  4 quokkas
  6 ball pythons
  4 bats
  A frilled lizard (D:2)
  5 rats
120 creatures vanquished.

Notes
Turn   | Place    | Note
-------+----------+-------------------------------------------
     0 | D:1      | qw the Gargoyle Fighter began the quest for the Orb.
     0 | D:1      | Reached XP level 1. HP: 14/14 MP: 1/1
     0 | D:1      | 0 ||| qw: Version: 0.1-a-107-g9ff403c
     0 | D:1      | 0 ||| qw: Game counter: 6072
     0 | D:1      | 0 ||| qw: Always use a shield: true
     0 | D:1      | 0 ||| qw: God list: Okawaru
     0 | D:1      | 0 ||| qw: Allow faded altars: false
     0 | D:1      | 0 ||| qw: Do Orc after D:15 true
     0 | D:1      | 0 ||| qw: Do second Lair branch before Depths: true
     0 | D:1      | 0 ||| qw: Lair rune preference: random
     0 | D:1      | 0 ||| qw: Plans: Normal, Zot, God:TSO, Crypt, Tomb, Zig,
                  | Orb
     0 | D:1      | 0 ||| PLANNING D:1-11
   135 | D:1      | Reached skill level 2 in Axes
   216 | D:1      | Reached XP level 2. HP: 19/19 MP: 2/2
   240 | D:1      | 240 ||| Stepping ~*~*~tactically~*~*~ (stealth).
   492 | D:1      | 492 ||| Stepping ~*~*~tactically~*~*~ (stealth).
   586 | D:1      | Reached skill level 3 in Axes
   589 | D:1      | Reached XP level 3. HP: 23/23 MP: 3/3
  1036 | D:1      | 1036 ||| UPGRADING to +2 chain mail of fire resistance.
  1046 | D:1      | 1046 ||| DROPPING +0 scale mail.
  1047 | D:1      | 1047 ||| UPGRADING to +0 cloak.
  1052 | D:1      | 1052 ||| READING 6 scrolls labelled CUMILO NOUM.
  1053 | D:1      | 1053 ||| READING scroll labelled JAITUPY WAWORCH.
  1054 | D:1      | 1054 ||| READING scroll labelled VADAAS CIHUUCW.
  1055 | D:1      | 1055 ||| READING scroll labelled SIYTHO PIRYJET.
  1060 | D:1      | 1060 ||| DRINKING 2 sedimented orange potions.
  1061 | D:1      | 1061 ||| READING 5 scrolls of identify.
  1061 | D:1      | 1061 ||| IDENTIFYING fuming brown potion
  1062 | D:1      | 1062 ||| READING 4 scrolls of identify.
  1062 | D:1      | 1062 ||| IDENTIFYING sedimented amethyst potion
  1063 | D:1      | 1063 ||| DROPPING potion of invisibility.
  1064 | D:1      | 1064 ||| DROPPING potion of degeneration.
  1102 | D:2      | 1102 ||| Stepping ~*~*~tactically~*~*~ (stealth).
  1112 | D:2      | 1112 ||| Stepping ~*~*~tactically~*~*~ (stealth).
  1114 | D:2      | 1114 ||| STAIRDANCE
  1141 | D:2      | 1141 ||| Stepping ~*~*~tactically~*~*~ (stealth).
  1150 | D:2      | 1150 ||| DROPPING +0 club.
  1156 | D:2      | 1156 ||| DROPPING +0 whip.
  1165 | D:2      | 1165 ||| Stepping ~*~*~tactically~*~*~ (stealth).
  1400 | D:2      | Reached XP level 4. HP: 19/28 MP: 4/4
  1401 | D:2      | Reached skill level 4 in Axes
  1639 | D:2      | 1639 ||| Stepping ~*~*~tactically~*~*~ (stealth).
  1642 | D:2      | 1642 ||| Stepping ~*~*~tactically~*~*~ (stealth).
  1645 | D:2      | 1645 ||| Stepping ~*~*~tactically~*~*~ (stealth).
  1813 | D:2      | 1813 ||| READING scroll labelled WIUMUI VAFF.
  1814 | D:2      | 1814 ||| READING scroll labelled UTRINAZ ICIME.
  1815 | D:2      | 1815 ||| READING scroll labelled FOUSEH SE HUE.
  1816 | D:2      | 1816 ||| READING 5 scrolls of identify.
  1816 | D:2      | 1816 ||| IDENTIFYING brown potion
  1817 | D:2      | 1817 ||| READING 4 scrolls of identify.
  1817 | D:2      | 1817 ||| IDENTIFYING smoky clear potion
  1818 | D:2      | 1818 ||| READING 3 scrolls of identify.
  1818 | D:2      | 1818 ||| IDENTIFYING yellow potion
  1824 | D:3      | 1824 ||| Stepping ~*~*~tactically~*~*~ (stealth).
  1824 | D:3      | Noticed Jessica
  1825 | D:3      | 1825 ||| Stepping ~*~*~tactically~*~*~ (hiding).
  1827 | D:3      | 1827 ||| STAIRDANCE
  1830 | D:2      | Reached XP level 5. HP: 18/32 MP: 5/5
  1989 | D:3      | 1989 ||| STAIRDANCE
  1995 | D:3      | 1995 ||| STAIRDANCE
  2104 | D:3      | Noticed Terence
  2105 | D:3      | Killed Jessica
  2115 | D:3      | Killed Terence
  2116 | D:3      | Reached skill level 5 in Axes
  2138 | D:3      | 2138 ||| FLEEEEING.
  2140 | D:3      | 2140 ||| STAIRDANCE
  2194 | D:3      | 2194 ||| Stepping ~*~*~tactically~*~*~ (hiding).
  2197 | D:3      | 2197 ||| STAIRDANCE
  2280 | D:3      | Reached skill level 1 in Throwing
  2280 | D:3      | Reached XP level 6. HP: 36/37 MP: 6/6
  2556 | D:3      | Found a burning altar of Makhleb.
  2589 | D:3      | Found Woekkag's Book Shop.
  2604 | D:3      | 2604 ||| READING scroll of enchant armour.
  2604 | D:3      | 2604 ||| ENCHANTING +0 cloak.
  2799 | D:3      | Found a faded altar of an unknown god.
  3018 | D:3      | Found a hide-covered altar of Uskayaw.
  3091 | D:3      | 3091 ||| DROPPING +6 ring of intelligence.
  3092 | D:3      | 3092 ||| READING 2 scrolls labelled OSUARCH KYJESM.
  3093 | D:3      | 3093 ||| READING scroll labelled ZAASME DAESSAR.
  3094 | D:3      | 3094 ||| READING scroll labelled SYOCSUCIAS.
  3095 | D:3      | 3095 ||| READING scroll labelled UTOIMM SOPILUN.
  3096 | D:3      | 3096 ||| READING 3 scrolls of identify.
  3096 | D:3      | 3096 ||| IDENTIFYING amethyst potion
  3097 | D:3      | 3097 ||| READING 2 scrolls of identify.
  3097 | D:3      | 3097 ||| IDENTIFYING ruby potion
  3098 | D:3      | 3098 ||| DROPPING potion of brilliance.
  3124 | D:4      | 3124 ||| STAIRDANCE
  3209 | D:4      | Noticed Menkaure
  3210 | D:4      | 3210 ||| Stepping ~*~*~tactically~*~*~ (hiding).
  3212 | D:4      | 3212 ||| Stepping ~*~*~tactically~*~*~ (hiding).
  3213 | D:4      | 3213 ||| Stepping ~*~*~tactically~*~*~ (hiding).
  3216 | D:4      | 3216 ||| Stepping ~*~*~tactically~*~*~ (hiding).
  3221 | D:4      | Killed Menkaure
  3222 | D:4      | Reached skill level 6 in Axes
  3280 | D:4      | 3280 ||| Stepping ~*~*~tactically~*~*~ (stealth).
  3283 | D:4      | 3283 ||| Stepping ~*~*~tactically~*~*~ (stealth).
  3296 | D:4      | 3296 ||| Stepping ~*~*~tactically~*~*~ (stealth).
  3372 | D:4      | 3372 ||| READING scroll of enchant armour.
  3372 | D:4      | 3372 ||| ENCHANTING +1 cloak.
  3433 | D:4      | Reached skill level 1 in Dodging
  3433 | D:4      | Reached XP level 7. HP: 39/43 MP: 7/7
  3465 | D:4      | 3465 ||| FLEEEEING.
  3468 | D:4      | 3468 ||| FLEEEEING.
  3469 | D:4      | 3469 ||| FLEEEEING.
  3470 | D:4      | 3470 ||| FLEEEEING.
  3571 | D:4      | 3571 ||| Stepping ~*~*~tactically~*~*~ (stealth).
  3626 | D:4      | 3626 ||| Stepping ~*~*~tactically~*~*~ (stealth).
  3721 | D:4      | HP: 10/43 [iguana (4)]
  3722 | D:4      | 3722 ||| READING 5 scrolls of teleportation.
  3723 | D:4      | 3723 ||| DRINKING potion of heal wounds.
  3793 | D:4      | 3793 ||| Stepping ~*~*~tactically~*~*~ (hiding).
  3982 | D:4      | 3982 ||| DROPPING +1 mace of holy wrath.
  4354 | D:4      | 4354 ||| READING scroll labelled ETHUYN ZAUCE.
  4355 | D:4      | 4355 ||| READING 3 scrolls of identify.
  4355 | D:4      | 4355 ||| IDENTIFYING green potion
  4386 | D:5      | Entered Level 5 of the Dungeon
  4738 | D:5      | 4738 ||| Stepping ~*~*~tactically~*~*~ (stealth).
  4753 | D:5      | Reached skill level 7 in Axes
  4783 | D:5      | Identified the +1 ring mail of Vehumet's Supremacy {+Inv
                  | rC+}
  5042 | D:5      | 5042 ||| Stepping ~*~*~tactically~*~*~ (hiding).
  5043 | D:5      | 5043 ||| Stepping ~*~*~tactically~*~*~ (hiding).
  5044 | D:5      | 5044 ||| Stepping ~*~*~tactically~*~*~ (hiding).
  5183 | D:5      | Reached XP level 8. HP: 30/49 MP: 8/8
  5346 | D:5      | HP: 4/49 [orc warrior/+0 glaive (14)]
  5347 | D:5      | 5347 ||| READING 6 scrolls of teleportation.
  5717 | D:5      | 5717 ||| Stepping ~*~*~tactically~*~*~ (hiding).
  5736 | D:5      | 5736 ||| Stepping ~*~*~tactically~*~*~ (stealth).
  5847 | D:5      | 5847 ||| READING 2 scrolls labelled PUENUA SEOSM.
  5848 | D:5      | 5848 ||| READING 5 scrolls of identify.
  5848 | D:5      | 5848 ||| IDENTIFYING murky orange potion
  5849 | D:5      | 5849 ||| DROPPING potion of berserk rage.
  5850 | D:5      | 5850 ||| DROPPING scroll of amnesia.
  5855 | D:6      | Noticed Maggie
  5856 | D:6      | 5856 ||| Stepping ~*~*~tactically~*~*~ (hiding).
  5872 | D:6      | HP: 5/49 [Maggie/+2 war axe of flaming (11)]
  5873 | D:6      | 5873 ||| READING 5 scrolls of teleportation.
  5875 | D:6      | Slain by Maggie

Levels and vault maps discovered:
D:1:      lemuel_arrival_behind_the_door_small, layout_basic,
          serial_bayou_lake_a
D:2:      layout_basic, nrook_mini_backslash
D:3:      layout_rooms, mainiacjoe_overflow_swirl,
          dilly_ecumenical_altar_fadedgnrine, serial_shops, shop, uniq_jessica,
          uniq_terence
D:4:      layout_loops_ring, uniq_menkaure
D:5:      layout_basic
D:6:      layout_layer_cave, lemuel_crystal_altar, serial_shops,
          nicolae_shop_behind_doors, hangedman_decor_points, uniq_maggie

Skill      XL: |  1  2  3  4  5  6  7 |
---------------+----------------------+-----
Axes           | 2 3 4 5 6 7 |  7.6
Throwing       | 1 |  1.3
Fighting       | 4 5 |  5.1
Dodging        | 1 |  1.0
Armour         | |  3.2
Shields        | |  3.2

Action                   |  1- 3 |  4- 6 |  7- 9 || total
-------------------------+-------+-------+-------++-------
Melee: War axe           |   136 |   124 |   204 ||   464
Throw: Boomerang         |       |    19 |     7 ||    26
  Use: Scroll            |     6 |    14 |     7 ||    27
       Potion            |     1 |       |     1 ||     2
Armor: Scale mail        |    31 |       |       ||    31
       Chain mail        |    54 |   100 |   112 ||   266
Dodge: Dodged            |    55 |    53 |    75 ||   183
Block: Buckler           |    30 |    23 |    30 ||    83

Table legend:
 A = Non-vault XP
 B = Vault XP
 C = Vault XP percentage of total XP
 D = Non-vault monster count
 E = Vault monster count
 F = Vault count percentage of total count
                 A         B        C        D         E       F
            +---------+---------+-------+---------+---------+-------
      Total |    1190 |     227 |  16.0 |     117 |       3 |   2.5
            +---------+---------+-------+---------+---------+-------
        D:1 |      42 |       0 |   0.0 |      24 |       0 |   0.0
        D:2 |     143 |       0 |   0.0 |      30 |       0 |   0.0
        D:3 |     181 |      73 |  28.7 |      21 |       2 |   8.7
        D:4 |     265 |     154 |  36.8 |      24 |       1 |   4.0
        D:5 |     559 |       0 |   0.0 |      18 |       0 |   0.0
            +---------+---------+-------+---------+---------+-------
